 Dungeon Crawl Stone Soup version 0.27-a0-972-gd1521fd518 (webtiles) character file.

Game seed: 12275793116996533257

42 harryhousin the Sneak (level 3, -1/31 HPs)
             Began as a Gnoll Wanderer on Apr 13, 2021.
             Slain by Sigmund
             ... wielding a +0 scythe
              (12 damage)
             ... on level 2 of the Dungeon.
             The game lasted 00:11:57 (1859 turns).

harryhousin the Sneak (Gnoll Wanderer)              Turns: 1859, Time: 00:11:58

Health: -1/31      AC:  4    Str: 10    XL:     3   Next: 56%
Magic:  7/7        EV: 11    Int: 13    God:
Gold:   48         SH:  0    Dex: 11    Spells: 6/7 levels left

rFire    . . .     SeeInvis .   i - +0 whip (freeze)
rCold    . . .     Faith    .   (no shield)
rNeg     . . .     Spirit   .   d - +0 robe
rPois    .         Reflect  .   (no helmet)
rElec    .         Harm     .   (no cloak)
rCorr    .         Rampage  .   (no gloves)
Will     .....                  h - +1 pair of boots
Stlth    +++.......             (no amulet)
HPRegen  0.10/turn              b - +4 ring of slaying
MPRegen  0.10/turn              (no ring)

@: no status effects
A: fangs 1, strong nose, distributed training
a: no special abilities


You were on level 2 of the Dungeon.
You visited 1 branch of the dungeon, and saw 2 of its levels.

You collected 48 gold pieces.

Inventory:

Hand Weapons
 a - a +2 spear
 i - a +0 whip of freezing (weapon)
Armour
 d - a +0 robe (worn)
 h - a +1 pair of boots (worn)
Jewellery
 b - a +4 ring of slaying (left hand)
Scrolls
 e - a scroll of magic mapping {unknown}
 f - a scroll of immolation {unknown}
 g - 4 scrolls of identify {unknown}
 l - a scroll of amnesia {unknown}
 m - a scroll of fog {unknown}
Potions
 c - a potion of lignification
 j - a potion of might {unknown}
 k - a potion of berserk rage {unknown}
 n - 2 potions of ambrosia {unknown}


   Skills:
 + Level 4.5 Fighting
 + Level 0.8 Short Blades
 + Level 0.8 Long Blades
 + Level 0.8 Axes
 + Level 0.8 Maces & Flails
 + Level 0.8 Polearms
 + Level 0.8 Staves
 + Level 0.8 Slings
 + Level 0.8 Bows
 + Level 0.8 Crossbows
 + Level 0.8 Throwing
 + Level 0.8 Armour
 + Level 0.8 Dodging
 + Level 6.0 Stealth
 + Level 0.8 Shields
 + Level 0.8 Unarmed Combat
 + Level 2.8 Spellcasting
 + Level 0.5 Conjurations
 + Level 0.5 Hexes
 + Level 0.5 Summonings
 + Level 0.5 Necromancy
 + Level 0.5 Translocations
 + Level 0.5 Transmutations
 + Level 0.5 Fire Magic
 + Level 0.5 Ice Magic
 + Level 3.7 Air Magic
 + Level 0.5 Earth Magic
 + Level 0.5 Poison Magic
 + Level 1.0 Invocations
 + Level 4.5 Evocations


You had 6 spell levels left.
You knew the following spells:

 Your Spells              Type           Power      Damage    Failure   Level
a - Apportation           Tloc           6%         N/A       19%         1

Your spell library contained the following spells:

 Spells                   Type           Power      Damage    Failure   Level
 Teleport Other           Tloc           3%         N/A       50%         3


Dungeon Overview and Level Annotations

Branches:
Dungeon (2/15)

Altars:

Annotations:
D:2 Sigmund


Innate Abilities, Weirdness & Mutations

You have very sharp teeth.
Your uncanny sense of smell can sniff out nearby items.
Your experience applies equally to all skills.


Message History

Items here: ( ) [ †.
Okay, then.
A kobold comes into view. It is wielding a +0 whip.
The kobold shouts!
The kobold throws a stone.
The stone hits you but does no damage.
The kobold throws a stone.
The stone closely misses you. The kobold hits you with a +0 whip.
You whack the kobold! You freeze the kobold.
You kill the kobold!
Things that are here:
a +0 whip; 4 stones A kobold comes into view.
It is wielding a +0 club.
The kobold shouts!
Sigmund shouts!
Sigmund barely misses you.
You hit Sigmund. You freeze Sigmund.
Sigmund is lightly wounded.
Sigmund completely misses you.
You hit Sigmund but do no damage.
Sigmund is lightly wounded.
Sigmund barely misses you.
You hit Sigmund but do no damage.
Sigmund is lightly wounded.
Sigmund barely misses you. The kobold closely misses you.
You barely miss Sigmund.
Sigmund is lightly wounded.
Sigmund barely misses you. The kobold hits you with a +0 club.
You closely miss Sigmund.
Sigmund is lightly wounded.
Sigmund hits you with a +0 scythe. The kobold barely misses you.
You hit Sigmund. You bite Sigmund.
Sigmund is moderately wounded.
Sigmund closely misses you. The kobold hits you with a +0 club.
Sigmund hits you with a +0 scythe!
You barely miss Sigmund.
Sigmund is moderately wounded.
The kobold barely misses you. Sigmund hits you with a +0 scythe.
You hit Sigmund. You freeze Sigmund. You bite Sigmund.
Sigmund is heavily wounded.
The kobold closely misses you. Sigmund hits you with a +0 scythe!
You die...

##..# #..##.# ###...#
#..##.#
###...>.####..##.#
#......<.@....##.#
#####
#.#.###.####.###.#
#...# #.#.# #.# #....÷.
###...#######.#.###.#
######.
###.......##...K......#
#.
#.)............@@..####
#. #.#..........##.#..#
###.
#.###...#.#####.#..#
#.## ##.###...#.#
#.#..# ##### #.#.#
........##.#
#.#..###...##.# #.
#..#######.#
#..........[.# ## ##.##
#.# ####.#......## #
##.######.#
#.........## ##
##.##......#
#.#........###.


You could see Sigmund and a kobold.

Vanquished Creatures
  A gnoll (D:1)
  2 dart slugs (D:2)
  3 bats (D:1)
  3 endoplasms
  A giant cockroach (D:1)
  4 goblins (D:1)
  2 hobgoblins
  2 quokkas (D:1)
  4 ball pythons
  A frilled lizard (D:2)
  4 kobolds
  A rat (D:2)
28 creatures vanquished.

Vanquished Creatures (others)
  A fungus (D:1)
  2 plants (D:1)
3 creatures vanquished.

Grand Total: 31 creatures vanquished

Notes
Turn   | Place    | Note
-------+----------+-------------------------------------------
     0 | D:1      | harryhousin the Gnoll Wanderer began the quest for the Orb.
     0 | D:1      | harryhousin set off with the following items: a +2 spear, a
                  | potion of lignification, a +0 robe, a +0 dagger; and the
                  | following spell memorised: Apportation; and the following
                  | spells available to memorise: Teleport Other
     0 | D:1      | Reached XP level 1. HP: 20/20 MP: 4/4
   114 | D:1      | Reached XP level 2. HP: 11/26 MP: 5/5
   639 | D:1      | Reached XP level 3. HP: 27/31 MP: 7/7
   911 | D:1      | Found a faded altar of an unknown god.
  1046 | D:2      | Noticed Sigmund
  1069 | D:2      | Reached skill level 6 in Stealth
  1545 | D:2      | Reached skill level 1 in Invocations
  1859 | D:2      | Slain by Sigmund

Illustrated notes

Levels and vault maps discovered:
D:1:      eino_arrival_water_cross, layout_basic,
          shapermc_ecumenical_altar_mp_urbaneastern
D:2:      layout_loops_ring, uniq_sigmund

Skill      XL: |  1  2  3 |
---------------+----------+-----
Stealth        | 6 |  6.0
Invocations    | 1 |  1.0
Fighting       | |  4.5
Short Blades   | |  0.8
Long Blades    | |  0.8
Axes           | |  0.8
Maces & Flails | |  0.8
Polearms       | |  0.8
Staves         | |  0.8
Slings         | |  0.8
Bows           | |  0.8
Crossbows      | |  0.8
Throwing       | |  0.8
Armour         | |  0.8
Dodging        | |  0.8
Shields        | |  0.8
Unarmed Combat | |  0.8
Spellcasting   | |  2.8
Conjurations   | |  0.5
Hexes          | |  0.5
Summonings     | |  0.5
Necromancy     | |  0.5
Translocations | |  0.5
Transmutations | |  0.5
Fire Magic     | |  0.5
Ice Magic      | |  0.5
Air Magic      | |  3.7
Earth Magic    | |  0.5
Poison Magic   | |  0.5
Evocations     | |  4.5

Action                   || total
-------------------------++-------
Melee: Spear             ||    47
       Bite              ||     9
       Whip              ||    33
 Cast: Apportation       ||     5
 Stab: Sleeping          ||     6
Armor: Robe              ||    11
Dodge: Dodged            ||    39

Table legend: (Time is in decaauts)
 A = Elapsed time spent in this place.
 B = Non-inter-level travel time spent in this place.
 C = Inter-level travel time spent in this place.
 D = Time resting spent in this place.
 E = Time spent auto-exploring this place.
 F = Levels seen in this place.
 G = Mean time per level.
                   A        B        C        D        E       F      G
               +--------+--------+--------+--------+--------+-----+--------+
         Total |   1867 |   1739 |    128 |    482 |    376 |   2 |  933.5 |
       Dungeon |   1867 |   1739 |    128 |    482 |    376 |   2 |  933.5 |
               +--------+--------+--------+--------+--------+-----+--------+

Top non-repeatable levels by time:
     D:1: 1334 daAuts
     D:2: 533 daAuts
